 Dungeon Crawl Stone Soup version 0.24.0-13-gcf9b3192b9 (webtiles) character file.

Game seed: 7456057770062363436, levelgen mode: deterministic

2 MisterOstroum the Skirmisher (level 1, -1/18 HPs)
             Began as a Demonspawn Monk on Nov 7, 2019.
             Slain by a gnoll (6 damage)
             ... on level 1 of the Dungeon.
             The game lasted 00:00:26 (134 turns).

MisterOstroum the Skirmisher (Demonspawn Monk)       Turns: 134, Time: 00:00:26

Health: -1/18      AC:  2    Str: 11    XL:     1   Next: 33%
Magic:  1/1        EV: 13    Int: 11    God:
Gold:   0          SH:  0    Dex: 15    Spells: 0/0 levels left

rFire    . . .     SeeInvis .   a - +0 spear
rCold    . . .     Gourm    .   (no shield)
rNeg     . . .     Faith    .   b - +0 robe
rPois    .         Spirit   .   (no helmet)
rElec    .         Reflect  .   (no cloak)
rCorr    .         Harm     .   (no gloves)
MR       .....                  (no boots)
Stlth    ++........             (no amulet)
HPRegen  0.06/turn              (no ring)
MPRegen  0.07/turn              (no ring)

@: no status effects
A: no striking features
a: no special abilities


You were on level 1 of the Dungeon.
You were not hungry.

You visited 1 branch of the dungeon, and saw 1 of its levels.

Inventory:

Hand Weapons
 a - a +0 spear (weapon)
Armour
 b - a +0 robe (worn)
Comestibles
 c - 2 chunks of flesh
 e - a ration


   Skills:
 * Level 3.1 Fighting
 * Level 2.8 Polearms
 - Level 2.6 Dodging
 - Level 1.7 Stealth


You couldn't memorise any spells.
You didn't know any spells.
Your spell library was empty.

Dungeon Overview and Level Annotations

Branches:
Dungeon (1/15)

Altars:


Message History

You are too injured to fight recklessly!
There is an open door here.
You completely miss the gnoll.
The gnoll is lightly wounded.
The gnoll misses you.
You hit the gnoll.
The gnoll is moderately wounded.
The gnoll closely misses you.
You hit the gnoll but do no damage.
The gnoll is moderately wounded.
The gnoll misses you.
You closely miss the gnoll.
The gnoll is moderately wounded.
The gnoll hits you.
There is an open door here.
There is an open door here.
There is an open door here.
You close the door.
A gnoll opens the door.
You close the door.
A gnoll opens the door.
You close the door.
A gnoll opens the door.
The kobold throws a stone.
The stone hits you but does no damage.
You close the door.
A gnoll opens the door.
There's a creature in the doorway!
There's a creature in the doorway!
There's a creature in the doorway!
There's a creature in the doorway!
There's a creature in the doorway!
There's a creature in the doorway!
There's a creature in the doorway!
There's a creature in the doorway!
You closely miss the kobold.
Attack whom?
Press: ? - help, Dir - move target cursor, f - gnoll
Aim: a gnoll (lightly wounded)
You reach to attack!
You closely miss the gnoll.
The gnoll is lightly wounded.
The kobold hits you.
* * * LOW HITPOINT WARNING * * *
Attack whom?
Press: ? - help, Dir - move target cursor, f/p - gnoll
Aim: a gnoll (lightly wounded)
You reach to attack!
You hit the gnoll.
The gnoll is moderately wounded.
The kobold closely misses you.
Attack whom?
Press: ? - help, Dir - move target cursor, f/p - gnoll
Aim: a gnoll (moderately wounded)
The kobold is in the way.
You hit the kobold.
The kobold is severely wounded.
The kobold closely misses you.
Attack whom?
Press: ? - help, Dir - move target cursor, f/p - gnoll
Aim: a gnoll (moderately wounded)
The kobold is in the way.
You barely miss the kobold.
The kobold is severely wounded.
The kobold hits you.
* * * LOW HITPOINT WARNING * * *
Attack whom?
Press: ? - help, Dir - move target cursor, f/p - gnoll
Aim: a gnoll (moderately wounded)
You reach to attack!
You barely miss the gnoll.
The gnoll is moderately wounded.
The kobold barely misses you.
Attack whom?
Press: ? - help, Dir - move target cursor, f/p - gnoll
Aim: a gnoll (moderately wounded)
The kobold is in the way.
You hit the kobold.
You kill the kobold!
Attack whom?
Press: ? - help, Dir - move target cursor, f/p - gnoll
Aim: a gnoll (moderately wounded)
You hit the gnoll but do no damage.
The gnoll is moderately wounded.
The gnoll closely misses you.
There is an open door here.
You close the door.
A gnoll opens the door.
You close the door.
A gnoll opens the door.
There's a creature in the doorway!
There's a creature in the doorway!
There's a creature in the doorway!
There's a creature in the doorway!
There's a creature in the doorway!
There's a creature in the doorway!
There's a creature in the doorway!
There's a creature in the doorway!
There's a creature in the doorway!
There's a creature in the doorway!
There's a creature in the doorway!
There's a creature in the doorway!
There's a creature in the doorway!
There's a creature in the doorway!
There's a creature in the doorway!
There's a creature in the doorway!
There's a creature in the doorway!
There is an open door here.
There's a creature in the doorway!
You hit the gnoll.
The gnoll is heavily wounded.
The gnoll hits you.
You die...

#################
#...#...#÷..#...#
#.⌠.((..'...g@⌠.#
#...#...#...#...#
##'##############
#...#...# #...#
#...#.⌠.+ #...#
#...#..K# #...#
##'###'#######'##
#...#...#...#...#
#...'...'.<.#...#


You could see a gnoll.

Vanquished Creatures
  A kobold (D:1)
  A frilled lizard (D:1)
  A rat (D:1)
3 creatures vanquished.

Notes
Turn   | Place    | Note
-------+----------+-------------------------------------------
     0 | D:1      | MisterOstroum the Demonspawn Monk began the quest for the
                  | Orb.
     0 | D:1      | Reached XP level 1. HP: 18/18 MP: 1/1
   134 | D:1      | Slain by a gnoll

Levels and vault maps discovered:
D:1:      co_arrival_random_square_maze, layout_basic, kennysheep_flooded_box

Action                   || total
-------------------------++-------
Melee: Spear             ||    19
 Stab: Sleeping          ||     1
Armor: Robe              ||     1
Dodge: Dodged            ||    10
